 Dungeon Crawl Stone Soup version 0.27-a0-1590-g15f69828bf (webtiles) character file.

Game seed: 3002045772142401835

4435 Anon1729 the Placeless Spriggan (level 10, -3/51 HPs)
             Began as a Spriggan Warper on July 18, 2021.
             Was a Follower of Fedhas.
             Shot with a sling bullet by Joseph (4 damage)
             ... on level 7 of the Dungeon.
             The game lasted 00:23:02 (15556 turns).

Anon1729 the Placeless Spriggan (Spriggan Warper)  Turns: 15556, Time: 00:23:03

Health: -3/51      AC:  2    Str:  7    XL:     10   Next: 14%
Magic:  16/16      EV: 21    Int: 17    God:    Fedhas [*.....]
Gold:   169        SH:  0    Dex: 16    Spells: 10/16 levels left

rFire    . . .     SeeInvis +   b - +1 dagger (venom)
rCold    . . .     Faith    .   (shield restricted)
rNeg     . . .     Spirit   .   l - +0 robe
rPois    .         Reflect  .   (helmet restricted)
rElec    .         Harm     .   (no cloak)
rCorr    .         Rampage  .   (gloves unavailable)
Will     +....                  (boots unavailable)
Stlth    ++++......             (no amulet)
HPRegen  0.17/turn              (no ring)
MPRegen  0.15/turn              (no ring)

@: very quick
A: very small, no large weapons, unfitting armour, see invisible, speed 3
a: Renounce Religion


You were on level 7 of the Dungeon.
You worshipped Fedhas.
Fedhas was aware of your devotion.
You visited 2 branches of the dungeon, and saw 8 of its levels.

You collected 169 gold pieces.

Inventory:

Hand Weapons
 a - a +1 short sword of speed
 b - a +1 dagger of venom (weapon)
 o - a +1 short sword
Missiles
 d - 4 boomerangs of dispersal
 y - 5 boomerangs
Armour
 l - a +0 robe (worn)
Jewellery
 B - a ring of magical power
Wands
 r - a wand of mindburst (16)
 x - a wand of acid (3)
Scrolls
 c - 4 scrolls of blinking
 f - 5 scrolls of immolation
 h - 3 scrolls of teleportation
 j - 2 scrolls of enchant weapon
 m - 6 scrolls of identify {unknown}
 n - a scroll of noise {unknown}
 s - 4 scrolls of enchant armour {unknown}
 z - a scroll of summoning {unknown}
 A - a scroll of fear {unknown}
Potions
 e - 2 potions of heal wounds
 g - 2 potions of haste {unknown}
 i - a potion of lignification {unknown}
 k - 3 potions of curing
 p - 2 potions of magic
 q - a potion of flight {unknown}
 t - a potion of brilliance {unknown}
 u - 2 potions of might {unknown}
 v - a potion of degeneration {unknown}
 w - a potion of invisibility {unknown}


   Skills:
 + Level 4.8 Fighting
 + Level 6.5 Short Blades
 - Level 2.1 Throwing
 + Level 8.0 Dodging
 + Level 8.5 Stealth
 - Level 3.6 Spellcasting
 + Level 6.0 Hexes
 + Level 4.1 Summonings
 + Level 9.2 Translocations


You had 10 spell levels left.
You knew the following spells:

 Your Spells              Type           Power      Damage    Failure   Level
a - Summon Guardian Gole  Hex/Summ       20%        N/A       6%          3
b - Gell's Gravitas       Tloc           17%        N/A       1%          3

Your spell library contained the following spells:

 Spells                   Type           Power      Damage    Failure   Level
 Blink                    Tloc           N/A        N/A       1%          2
 Lesser Beckoning         Tloc           17%        N/A       1%          3
 Teleport Other           Tloc           34%        N/A       1%          3
 Manifold Assault         Tloc           34%        N/A       11%         5
 Animate Armour           Summ/Erth      20%        N/A       56%         4
 Olgreb's Toxic Radiance  Pois           3%         N/A       86%         4
 Ozocubu's Refrigeration  Ice            1%         4d5       100%        7
 Ignition                 Fire           1%         3d3       100%        8
 Shatter                  Erth           1%         3d6*      100%        9


Dungeon Overview and Level Annotations

Branches:
Dungeon (7/15)             Temple (1/1) D:6

Altars:
Ashenzari
Cheibriados
Dithmenos
Elyvilon
Fedhas
Gozag
Hepliaklqana
Kikubaaqudgha
Makhleb
Nemelex Xobeh
Okawaru
Qazlal
Ru
Sif Muna
Trog
Uskayaw
Vehumet
Wu Jian
Xom
Yredelemnul
Zin
The Shining One

Shops:
D:1 *

Annotations:
D:7 Joseph


Innate Abilities, Weirdness & Mutations

You are very small and have problems with some larger weapons.
You are too small for most types of armour.
You have supernaturally acute eyesight. (SInv)
You cover ground extremely quickly. (Speed+++)


Message History

You hit the kobold.
The kobold is severely wounded.
The kobold barely misses you.
Okay, then.
You hit the kobold.
You kill the kobold!
Fedhas appreciates your contribution to the ecosystem.
Joseph unwields a +2 quarterstaff of speed.
Joseph wields a +0 hunting sling.
Joseph shoots a sling bullet.
The sling bullet completely misses you.
Things that are here:
a +0 short sword; a stone You hit Joseph but do no damage.
Joseph is poisoned.
Joseph is moderately wounded.
Joseph unwields a +0 hunting sling.
Joseph wields a +2 quarterstaff of speed.
Joseph completely misses you.
You hit Joseph.
Joseph looks as sick as possible!
Joseph is moderately wounded.
Joseph misses you.
You hit Joseph but do no damage.
Joseph looks as sick as possible!
Joseph is moderately wounded.
Joseph completely misses you.
You hit Joseph.
Joseph looks as sick as possible!
Joseph is moderately wounded.
Joseph misses you.
You hit Joseph.
Joseph looks as sick as possible!
Joseph is heavily wounded.
You hit Joseph.
Joseph looks as sick as possible!
Joseph is heavily wounded.
Joseph misses you.
You barely miss Joseph.
Joseph is heavily wounded.
Joseph hits you with a +2 quarterstaff of speed!!
* * * LOW HITPOINT WARNING * * *
Joseph unwields a +2 quarterstaff of speed.
Joseph wields a +0 hunting sling.
Joseph shoots a sling bullet.
The sling bullet hits you.
You die...
Fedhas appreciates your contribution to the ecosystem.

.=..K....................8888888
...K.............. #..$..8888.88
...................#..#.........
.............................8..
?.$......)..#####............8..
#########.#.# ####....>.........
#.#.# #..........8888}88
#.#.###).....)##.8888.88
#)...@)@.......#........
###)#.#####+++###.#.......
#....$.# ###....... #...#.##
#....... #....### ##......
#.#..# ##..... #...## ##....
...## ##.## #... #.#


You could see Joseph (extremely poisoned, corroded).

Vanquished Creatures
  A two-headed ogre (D:6)
  A human (D:7)
  4 yaks
  A water moccasin (D:5)
  5 black bears
  2 ice beasts (D:6)
  4 ogres
  A centaur (D:6)
  A necrophage (D:5)
  2 phantoms (D:5)
  A kobold brigand (D:7)
  2 bullfrogs (D:6)
  2 scorpions
  2 water moccasin zombies
  A wyvern skeleton (D:5)
  2 orc priests
  3 bullfrog zombies
  A centaur skeleton (D:5)
  3 hounds
  A jelly (D:5)
  Natasha (thrice) (D:3)
  An iguana (D:4)
  3 orc wizards
  A killer bee zombie (D:6)
  4 gnolls
  12 adders
  A white imp (D:6)
  A worm (D:3)
  14 orcs
  2 ball pythons
  2 bats
  2 endoplasms
  A giant cockroach (D:2)
  7 goblins
  7 hobgoblins
  11 jackals
  2 quokkas
  4 frilled lizards
  10 kobolds
  3 rats
131 creatures vanquished.

Vanquished Creatures (others)
  A human (D:7)
  A water moccasin (D:5)
  2 necrophages (D:6)
  An iguana (D:6)
  An orc (D:7)
6 creatures vanquished.

Grand Total: 137 creatures vanquished

Notes
Turn   | Place    | Note
-------+----------+-------------------------------------------
     0 | D:1      | Anon1729 the Spriggan Warper began the quest for the Orb.
     0 | D:1      | Reached XP level 1. HP: 10/10 MP: 5/5
   277 | D:1      | Reached XP level 2. HP: 4/15 MP: 6/6
  1384 | D:1      | Reached XP level 3. HP: 10/18 MP: 8/8
  1755 | D:1      | Found a faded altar of an unknown god.
  1979 | D:1      | Found Yviwoficzo's General Store.
  3533 | D:3      | Reached skill level 5 in Translocations
  3533 | D:3      | Reached XP level 4. HP: 22/23 MP: 10/10
  3882 | D:3      | Noticed Natasha
  3892 | D:3      | Killed Natasha
  3893 | D:3      | Reached XP level 5. HP: 8/26 MP: 11/11
  4071 | D:3      | Noticed Natasha
  4080 | D:3      | Killed Natasha
  4316 | D:3      | Got the Incunabulum of Creative Clay
  4321 | D:3      | Learned a level 3 spell: Summon Guardian Golem
  4719 | D:3      | Reached skill level 1 in Stealth
  5100 | D:3      | Noticed Natasha
  5111 | D:3      | HP: 1/26 [Natasha/magic dart (6)]
  5116 | D:3      | Killed Natasha
  5126 | D:3      | Learned a level 3 spell: Gell's Gravitas
  5285 | D:4      | Noticed a black bear
  5288 | D:4      | Noticed a nameless horror
  5393 | D:3      | Killed a black bear
  5394 | D:3      | Reached XP level 6. HP: 18/32 MP: 8/12
  5631 | D:4      | Reached skill level 1 in Hexes
  5997 | D:4      | Identified the +0 leather armour "Wimucegg" {Harm rElec}
  6519 | D:5      | Entered Level 5 of the Dungeon
  6531 | D:5      | Reached skill level 1 in Summonings
  6829 | D:4      | Reached skill level 6 in Translocations
  6883 | D:5      | Reached XP level 7. HP: 17/35 MP: 13/13
  7670 | D:5      | Reached skill level 5 in Dodging
  9055 | D:5      | Reached skill level 5 in Stealth
  9164 | D:5      | Reached XP level 8. HP: 18/40 MP: 5/14
  9742 | D:5      | Reached skill level 7 in Translocations
 11167 | D:5      | Reached skill level 5 in Short Blades
 11681 | D:6      | Reached XP level 9. HP: 30/45 MP: 15/15
 12280 | D:6      | Found a staircase to the Ecumenical Temple.
 12299 | Temple   | Entered the Ecumenical Temple
 12351 | Temple   | Became a worshipper of Fedhas Madash
 12563 | D:6      | Reached skill level 8 in Translocations
 13933 | D:5      | Reached skill level 5 in Hexes
 14467 | D:6      | Noticed a two-headed ogre
 14486 | D:6      | Killed a two-headed ogre
 14487 | D:6      | Reached skill level 9 in Translocations
 14847 | D:6      | Reached XP level 10. HP: 23/49 MP: 13/16
 15060 | D:7      | Found an iron altar of Okawaru.
 15124 | D:7      | Reached * piety under Fedhas
 15495 | D:7      | Noticed Joseph
 15555 | D:7      | HP: 1/51 [Joseph (20)]
 15556 | D:7      | Shot with a sling bullet by Joseph

Illustrated notes

Levels and vault maps discovered:
D:1:      lightli_arrival_farm, layout_basic, serial_shops, nicolae_shop_trees,
          shapermc_ecumenical_altar_ellora, minmay_hexomino_f4
D:2:      layout_basic
D:3:      layout_loops_cross, uniq_natasha
D:4:      layout_rooms, hangedman_decor_slide_cut
D:5:      layout_layer_cave, nrook_campfire
D:6:      layout_rooms, temple_fountains, minmay_misc_feat_x, minmay_pentangle
D:7:      layout_rooms, okawaru_humans, hellmonk_bongcloud_opening,
          kennysheep_path_1, kennysheep_cluttered_room, uniq_joseph
Temple:   dpeg_three_leaves_temple

Skill      XL: |  1  2  3  4  5  6  7  8  9 10 |
---------------+-------------------------------+-----
Spellcasting   | 3 |  3.6
Fighting       | 2 3 4 |  4.8
Translocations | 5 6 7 9 |  9.2
Short Blades   | 3 4 5 6 |  6.5
Dodging        | 4 5 6 7 8 |  8.0
Throwing       | 2 |  2.1
Stealth        | 3 4 5 6 8 |  8.5
Hexes          | 1 3 4 5 6 |  6.0
Summonings     | 1 2 3 4 |  4.1

Action                   |  1- 3 |  4- 6 |  7- 9 | 10-12 || total
-------------------------+-------+-------+-------+-------++-------
Melee: Short sword       |   128 |       |   131 |       ||   259
       Dagger            |    49 |   154 |   306 |    87 ||   596
Throw: Boomerang         |     1 |       |       |       ||     1
 Cast: Gell's Gravitas   |       |     4 |    15 |     5 ||    24
       Summon Guardian G |       |       |    22 |     4 ||    26
Evoke: Wand              |       |       |     3 |     2 ||     5
  Use: Potion            |     1 |     2 |       |     2 ||     5
       Scroll            |     1 |       |       |     2 ||     3
 Stab: Sleeping          |     1 |     1 |     8 |     1 ||    11
       Distracted        |       |       |     1 |       ||     1
Armor: Robe              |    23 |     9 |    18 |     5 ||    55
Dodge: Dodged            |   162 |    98 |   287 |    59 ||   606

Table legend: (Time is in decaauts)
 A = Elapsed time spent in this place.
 B = Non-inter-level travel time spent in this place.
 C = Inter-level travel time spent in this place.
 D = Time resting spent in this place.
 E = Time spent auto-exploring this place.
 F = Levels seen in this place.
 G = Mean time per level.
                   A        B        C        D        E       F      G
               +--------+--------+--------+--------+--------+-----+--------+
         Total |  13193 |  12969 |    224 |   6002 |   5084 |   8 | 1649.1 |
       Dungeon |  13154 |  12937 |    217 |   6002 |   5084 |   7 | 1879.1 |
        Temple |     38 |     32 |      6 |      0 |      0 |   1 |   38.0 |
               +--------+--------+--------+--------+--------+-----+--------+

Top non-repeatable levels by time:
     D:5: 4167 daAuts
     D:4: 2282 daAuts
     D:6: 1851 daAuts
     D:1: 1709 daAuts
     D:3: 1539 daAuts
     D:2: 1170 daAuts
     D:7: 434 daAuts
  Temple: 38 daAuts
